 Dungeon Crawl Stone Soup version 0.24-a0-537-g2d01d4ab0a (webtiles) character file.

Game seed: 10370074248111183551

298 Gargoyl the Skirmisher (level 6, -3/52 HPs)
             Began as a Centaur Abyssal Knight on Aug 14, 2019.
             Was a Priest of Lugonu.
             Slain by a phantom (5 damage)
             ... on level 4 of the Dungeon.
             The game lasted 00:05:44 (3078 turns).

Gargoyl the Skirmisher (Centaur Abyssal Knight)     Turns: 3078, Time: 00:05:45

Health: -3/52      AC: 10    Str: 15    XL:     6   Next: 13%
Magic:  8/8        EV:  9    Int: 17    God:    Lugonu [***...]
Gold:   137        SH:  0    Dex: 10    Spells: 5/5 levels left

rFire    . . .     SeeInvis .   j - +1 mace "Sucics" {elec, +Rage MR- Int+6} (curse)
rCold    . . .     Gourm    .   (no shield)
rNeg     . . .     Faith    .   i - +0 ring mail
rPois    .         Spirit   .   m - +0 helmet
rElec    .         Reflect  .   k - +2 cloak
rCorr    .         Harm     .   (no gloves)
MR       .....                  (no barding)
Stlth    ..........             (no amulet)
HPRegen  0.17/turn              (no ring)
MPRegen  0.11/turn              (no ring)

@: very quick
A: large, hooves 3, deformed body, speed 2, tough skin 3
a: Depart the Abyss, Bend Space, Banish, Renounce Religion, Evoke Berserk Rage


You were on level 4 of the Dungeon.
You worshipped Lugonu.
Lugonu was most pleased with you.
You were not hungry.

You visited 1 branch of the dungeon, and saw 4 of its levels.
You visited the Abyss 1 time.

You collected 137 gold pieces.

Inventory:

Hand Weapons
 a - a +2 hand axe
 j - the cursed +1 mace "Sucics" (weapon) {elec, +Rage MR- Int+6}
   (You found it on level 4 of the Dungeon)

   Occasionally, upon striking a foe, it will discharge some electrical energy
   and cause terrible harm.
   It affects your intelligence (+6).
   It affects your resistance to hostile enchantments.
   It lets you go berserk.
   It has a curse placed upon it.
Armour
 i - a +0 ring mail (worn)
 k - a +2 cloak (worn)
 m - a +0 helmet (worn)
Scrolls
 d - 2 scrolls of teleportation
 l - 2 scrolls of identify
Potions
 b - a potion of cancellation
 e - 2 potions of heal wounds
 f - 2 potions of berserk rage
 g - 2 potions of ambrosia
 h - 2 potions of magic {unknown}
 o - a potion of agility {unknown}
Comestibles
 c - 9 rations
 n - 11 chunks of flesh


   Skills:
 + Level 3.8 Fighting
 + Level 3.5 Axes
 + Level 0.1(2.1) Maces & Flails
 * Level 2.5 Armour
 * Level 1.8 Dodging
 * Level 3.2 Invocations


You had 5 spell levels left.
You didn't know any spells.
Your spell library was empty.

Dungeon Overview and Level Annotations

Branches:
Dungeon (4/15)
 Temple: D:4-7

Altars:

Annotations:
D:4 Eustachio


Innate Abilities, Weirdness & Mutations

You have hooves in place of feet.
Armour fits poorly on your strangely shaped body.
You cover ground very quickly.
You have extremely tough skin. (AC +3)


Message History

* * * LOW HITPOINT WARNING * * *
The iron imp hits you.
* * * LOW HITPOINT WARNING * * *
The iron imp grins evilly.
The iron imp hits you but does no damage.
The quokka bites you but does no damage.
The bat barely misses you. The river rat completely misses you.
Unknown command.
You fail to use your ability.
The bat hits you but does no damage. The bat barely misses you.
The phantom closely misses you. The quokka bites you.
* * * LOW HITPOINT WARNING * * *
The iron imp hits you but does no damage.
The bat misses you.
The iron imp hits you but does no damage.
The river rat bites you but does no damage.
You hit the phantom but do no damage. Your kick misses the phantom.
The bat hits you but does no damage. x2; The quokka barely misses you.
The phantom hits you.
You die...

#.##)..# #.#.. #.# #.#
..###).# #.......# #..
.### ##.# ###...### ###
. ####(# ...# .# #.((.#
...# ..##....##
#######...###
.........###....b.......
.......†.......r55......
.........###...b@W......
..#).....# ######r...[##
###......# #...#.#
#.#....# ...# ...#.##.#
..# ###......# ...#
#.#....# .... ....####
..## #.###


You could see a phantom, 2 iron imps, a river rat, a quokka and 2 bats.

Vanquished Creatures
  An ogre (D:2)
  A bullfrog skeleton (D:4)
  Robin (D:4)
  7 adders
  2 worms
  A leopard gecko (D:3)
  5 orcs (D:3)
  A ball python (D:3)
  4 giant cockroaches
  29 goblins
  10 hobgoblins
  6 jackals
  7 kobolds
  3 quokkas (D:3)
  5 bats
  5 frilled lizards
  10 rats
98 creatures vanquished.

Vanquished Creatures (others)
  A jackal (D:1)
1 creature vanquished.

Grand Total: 99 creatures vanquished

Notes
Turn   | Place    | Note
-------+----------+-------------------------------------------
     0 | Abyss:1  | Gargoyl the Centaur Abyssal Knight began the quest for the
                  | Orb.
     0 | Abyss:1  | Reached XP level 1. HP: 19/19 MP: 2/2
    37 | Abyss:1  | Noticed a wretched star
    38 | D:1      | Escaped the Abyss
   352 | D:1      | Reached * piety under Lugonu
   352 | D:1      | Reached XP level 2. HP: 24/26 MP: 3/3
   748 | D:1      | Reached skill level 1 in Dodging
   920 | D:2      | Reached XP level 3. HP: 29/31 MP: 4/4
  1346 | D:2      | Reached XP level 4. HP: 33/38 MP: 5/5
  2042 | D:3      | Reached ** piety under Lugonu
  2106 | D:3      | Reached XP level 5. HP: 28/45 MP: 7/7
  2395 | D:3      | Noticed an ogre
  2417 | D:2      | Killed an ogre
  2641 | D:3      | Reached *** piety under Lugonu
  2938 | D:4      | Reached XP level 6. HP: 52/52 MP: 8/8
  2974 | D:4      | Noticed Robin
  2980 | D:4      | Got an encrusted mace
  2981 | D:4      | Identified the cursed +1 mace "Sucics" {elec, +Rage MR-
                  | Int+6} (You found it on level 4 of the Dungeon)
  2994 | D:4      | Killed Robin
  3064 | D:4      | Noticed Eustachio
  3077 | D:4      | HP: 2/52 [quokka[Eustachio] (2)]
  3078 | D:4      | Slain by a phantom

Levels and vault maps discovered:
D:1:      giann_wishing_wells, layout_loops_ring, lemuel_old_faithful
D:2:      layout_rooms
D:3:      layout_rooms, first_ration, minmay_ogre_servants
D:4:      layout_loops_cross, uniq_grinder, uniq_natasha, uniq_robin,
          uniq_eustachio

Skill      XL: |  1  2  3  4  5 |
---------------+----------------+-----
Axes           | 2 3 |  3.5
Dodging        | 1 |  1.8
Armour         | 2 |  2.5
Invocations    | 3 |  3.2
Fighting       | |  3.8
Maces & Flails | |  0.1

Action                   |  1- 3 |  4- 6 || total
-------------------------+-------+-------++-------
Melee: Hand axe          |    93 |   112 ||   205
       Kick              |    11 |    19 ||    30
       Mace              |       |    37 ||    37
Invok: Depart the Abyss  |     1 |       ||     1
  Use: Scroll            |     8 |     4 ||    12
       Potion            |     2 |       ||     2
  Eat: Chunk             |       |     6 ||     6
Armor: Leather armour    |    40 |    39 ||    79
       Ring mail         |       |    55 ||    55
Dodge: Dodged            |    57 |    95 ||   152

Table legend:
 A = Non-vault XP
 B = Vault XP
 C = Vault XP percentage of total XP
 D = Non-vault monster count
 E = Vault monster count
 F = Vault count percentage of total count
                 A         B        C        D         E       F
            +---------+---------+-------+---------+---------+-------
      Total |     264 |     163 |  38.2 |      78 |      19 |  19.6
            +---------+---------+-------+---------+---------+-------
        D:1 |      32 |       0 |   0.0 |      19 |       0 |   0.0
        D:2 |     118 |     116 |  49.6 |      27 |       1 |   3.6
        D:3 |      77 |      13 |  14.4 |      31 |       7 |  18.4
        D:4 |      37 |      34 |  47.9 |       1 |      11 |  91.7
            +---------+---------+-------+---------+---------+-------
